cohdb
Replays
Latest Replays
All Replays
Popular Replays
Top Player Replays
Match Explorer
How It Works
Community
CoH3 Stats
Reddit
Sign in to upload your games and track your stats! →
Sign in with Steam
Match 27159968
Unlisted
Match 27159968
Overview
Messages
Build Orders
End
Construct Section Command Post
Infantry Section
Infantry Section
Selects Australian Defense Battlegroup
Selects Australian Light Infantry Section
Australian Light Infantry Section
Construct Platoon Command Post
6-pounder Anti-tank Gun Team
Construct Field Infirmary
Selects Defensive Tactics
Unlock M3 Stuart Light Tanks
M3 Stuart Light Tank
6-pounder Anti-tank Gun Team
Vickers Machine Gun Team
Grenade Package
The 2D Waifu Trafficker
Tkil
Vlambulance-YouTube
tiddlywinks
Flankenheinz
Hevsik
Hunter GLA
Crow
0
0
Comments
sign in to comment!
No comments posted yet!